 Dungeon Crawl Stone Soup version 0.27.1-35-g4d5d836560 (webtiles) character file.

Game seed: 17140969511093569411

861 cbfl8 the Chopper (level 7, -3/61 HPs)
             Began as a Minotaur Fighter on July 17, 2022.
             Slain by a gnoll (5 damage)
             ... on level 5 of the Dungeon.
             The game lasted 00:03:59 (3560 turns).

cbfl8 the Chopper (Minotaur Fighter)                Turns: 3560, Time: 00:03:59

Health: -3/61      AC:  7    Str: 20    XL:     7   Next: 71%
Magic:  7/8        EV:  8    Int:  5    God:
Gold:   124        SH: 10    Dex: 12    Spells: 6/6 levels left

rFire    + . .     SeeInvis .   a - +0 war axe
rCold    x . .     Faith    .   c - +0 kite shield
rNeg     . . .     Spirit   .   b - +0 scale mail
rPois    +         Reflect  .   (helmet restricted)
rElec    .         Harm     .   (no cloak)
rCorr    .         Rampage  .   (no gloves)
Will     .....                  (no boots)
Stlth    ..........             (no amulet)
HPRegen  0.20/turn              k - ring of poison resistance
MPRegen  0.11/turn              m - ring of fire

@: mighty
A: horns 2, retaliatory headbutt
a: no special abilities


You were on level 5 of the Dungeon.
You visited 2 branches of the dungeon, and saw 6 of its levels.

You collected 124 gold pieces.

Inventory:

Hand Weapons
 a - a +0 war axe (weapon)
Armour
 b - a +0 scale mail (worn)
 c - a +0 kite shield (worn)
Jewellery
 k - a ring of poison resistance (left hand)
 m - a ring of fire (right hand)
Wands
 i - a wand of digging (5)
Scrolls
 f - a scroll of immolation {unknown}
 g - 2 scrolls of noise {unknown}
 h - 4 scrolls of identify {unknown}
 l - a scroll of fear {unknown}
 n - 3 scrolls of teleportation {unknown}
 p - a scroll of blinking {unknown}
 q - a scroll of fog {unknown}
Potions
 e - 2 potions of curing {unknown}
 j - a potion of berserk rage {unknown}
 o - 3 potions of brilliance {unknown}
 r - a potion of invisibility {unknown}


   Skills:
 * Level 5.4 Fighting
 + Level 6.1 Axes
 + Level 5.3 Armour
 + Level 1.5 Dodging
 + Level 0.4 Stealth
 + Level 4.8 Shields
 * Level 2.8 Invocations
 * Level 2.6 Evocations


You had 6 spell levels left.
You didn't know any spells.
Your spell library was empty.

Dungeon Overview and Level Annotations

Branches:
Dungeon (5/15)             Temple (1/1) D:4

Altars:
Ashenzari
Cheibriados
Elyvilon
Fedhas
Hepliaklqana
Nemelex Xobeh
Okawaru
Ru
Trog
Uskayaw
Vehumet
Wu Jian
Xom
Zin
The Shining One


Innate Abilities, Weirdness & Mutations

You have a pair of horns on your head.
You reflexively headbutt those who attack you in melee.


Message History

The hound bites you but does no damage. The wolf bites you.
Your shield and scale mail prevent you from hitting the wolf.
Your headbutt misses the wolf.
The wolf is moderately wounded.
You hit the hound but do no damage. You block the wolf's attack.
The hound bites you. The wolf bites you!
The hound bites you but does no damage. You block the wolf's attack.
You barely miss the wolf. Your headbutt misses the wolf.
The wolf is moderately wounded.
Your shield prevents you from hitting the hound.
You block the hound's attack. The wolf barely misses you.
The hound barely misses you. You furiously retaliate!
You headbutt the hound!
You kill the hound!
The wolf bites you.
Your Axes skill increases to level 6!
You slash the wolf! Your headbutt misses the wolf.
The wolf is almost dead.
You hit the gnoll. The wolf bites you!
* * * LOW HITPOINT WARNING * * *
You block the wolf's attack. The gnoll hits you but does no damage.
You miss the wolf.
The wolf is almost dead.
You hit the gnoll but do no damage. The wolf bites you but does no damage.
You block the wolf's attack. You block the gnoll's attack.
You block the wolf's attack. The gnoll hits you with a +0 club.
* * * LOW HITPOINT WARNING * * *
Unknown command.
You miss the wolf. You headbutt the wolf.
You kill the wolf!
You hit the gnoll. The gnoll hits you with a +0 club.
* * * LOW HITPOINT WARNING * * *
A gnoll sergeant comes into view. It is wielding a +0 spear.
The gnoll hits you with a +0 club.
* * * LOW HITPOINT WARNING * * *
You barely miss the gnoll.
The gnoll is severely wounded.
The gnoll hits you with a +0 club.
* * * LOW HITPOINT WARNING * * *
The gnoll hits you with a +0 club.
You die...

##... #.... .
#.... ..#.(..
.......###
##......####
.#......g##.### #
....g...@.....#.##
......#.####.....#
........##...##..#
......#..#...#####
......#..........#
#................#
##..##..........##
##. #........### #
......#...<#


You could see a gnoll sergeant and a gnoll.

Vanquished Creatures
  Sigmund (D:3)
  A black bear (D:2)
  A necrophage (D:4)
  A wolf (D:5)
  A scorpion (D:3)
  A jelly (D:4)
  3 hounds
  A centaur skeleton (D:4)
  An iguana (D:4)
  An orc wizard (D:4)
  A hound skeleton (D:4)
  A gnoll (D:1)
  A howler monkey skeleton (D:4)
  5 adders
  A white imp (D:4)
  An ufetubus (D:4)
  An adder skeleton (D:4)
  11 orcs
  6 ball pythons
  7 endoplasms
  4 giant cockroaches
  4 goblins
  5 hobgoblins
  7 jackals (D:1)
  4 kobolds
  3 quokkas
  6 bats
  A frilled lizard (D:2)
  3 goblin skeletons (D:4)
  2 hobgoblin zombies (D:4)
  3 kobold zombies (D:4)
  An orc skeleton (D:4)
  4 rats
94 creatures vanquished.

Notes
Turn   | Place    | Note
-------+----------+-------------------------------------------
     0 | D:1      | cbfl8 the Minotaur Fighter began the quest for the Orb.
     0 | D:1      | Reached XP level 1. HP: 19/19 MP: 0/0
   150 | D:1      | Reached XP level 2. HP: 26/27 MP: 1/1
   590 | D:1      | Reached XP level 3. HP: 33/33 MP: 2/2
   907 | D:2      | Noticed a black bear
   912 | D:2      | Killed a black bear
   913 | D:2      | Reached skill level 3 in Axes
   913 | D:2      | Reached skill level 1 in Invocations
   913 | D:2      | Reached skill level 1 in Evocations
   913 | D:2      | Reached XP level 4. HP: 27/40 MP: 3/3
  1080 | D:2      | Reached XP level 5. HP: 46/46 MP: 4/4
  1514 | D:3      | Found a faded altar of an unknown god.
  1595 | D:3      | Noticed Sigmund
  1603 | D:3      | Killed Sigmund
  1604 | D:3      | Reached skill level 4 in Axes
  1604 | D:3      | Reached XP level 6. HP: 55/55 MP: 6/6
  2091 | D:4      | Reached skill level 1 in Dodging
  2262 | D:4      | Reached skill level 5 in Axes
  2417 | D:4      | Reached skill level 5 in Fighting
  2417 | D:4      | Reached skill level 5 in Armour
  2503 | D:4      | Found a staircase to the Ecumenical Temple.
  2513 | D:4      | Reached XP level 7. HP: 56/61 MP: 7/7
  2519 | Temple   | Entered the Ecumenical Temple
  2770 | D:4      | Found a sacrificial altar of Ru.
  2827 | D:4      | Found a glowing golden altar of the Shining One.
  3529 | D:5      | Entered Level 5 of the Dungeon
  3556 | D:5      | Reached skill level 6 in Axes
  3560 | D:5      | HP: 2/61 [gnoll (3)]
  3560 | D:5      | Slain by a gnoll

Illustrated notes

Levels and vault maps discovered:
D:1:      matt_arrival_los_fun, layout_loops_ring
D:2:      layout_rooms
D:3:      layout_basic, shapermc_ecumenical_altar_petra, uniq_sigmund
D:4:      layout_cave_pools, nicolae_ru_awakened_eye,
          nicolae_tso_besieged_by_evil, minmay_temple_entry_poolview,
          roderic_serpentine_path, chequers_serial_rivers_large_a
D:5:      layout_cave_pools, kennysheep_mini, serial_gnoll_camp,
          gnoll_camp_medium_01, gnoll_camp_huts_basic, gnoll_camp_mini_sergeant,
          gnoll_camp_mini_doghouse, uniq_eustachio
Temple:   cyrus_circular_temple

Skill      XL: |  1  2  3  4  5  6  7 |
---------------+----------------------+-----
Armour         | 4 5 |  5.3
Fighting       | 4 5 |  5.4
Axes           | 3 4 5 6 |  6.1
Shields        | 4 |  4.8
Invocations    | 1 2 |  2.8
Evocations     | 1 2 |  2.6
Dodging        | 1 |  1.5
Stealth        | |  0.4

Action                   |  1- 3 |  4- 6 |  7- 9 || total
-------------------------+-------+-------+-------++-------
Melee: War axe           |    61 |    93 |    55 ||   209
       Headbutt          |    13 |    17 |     8 ||    38
  Use: Potion            |       |       |     1 ||     1
Armor: Scale mail        |    38 |    37 |    17 ||    92
Dodge: Dodged            |    21 |    33 |    27 ||    81
Block: Kite shield       |    30 |    50 |    29 ||   109
